[Event "28th Bosnjaci Open 2024"]
[Site "Bosnjaci"]
[Date "2024.01.04"]
[Round "1.20"]
[White "Simunic, Neno"]
[Black "Milovic, Jovan"]
[Result "0-1"]
[ECO "A43"]
[WhiteElo "1744"]
[BlackElo "2223"]
[Annotator "RC"]
[PlyCount "50"]
[EventDate "2024.01.02"]
[EventType "swiss"]
[EventCountry "CRO"]
[SourceTitle "playchess.com"]
[Source "ChessBase"]
[SourceQuality "1"]
[TimeControl "5400+30"]

1. d4 c5 2. d5 e6 3. c4 Bd6 4. Nf3 Bc7 5. Nc3 d6 6. g3 Nf6 7. Bg2 e5 8. O-O Nbd7 9. e4 Ba5 10. Nh4 O-O 11. Qc2 Re8 12. Ne2 b5 13. b3 bxc4 14. Qxc4 Rb8 15. f4 exf4 16. Bxf4 Ne5 17. Qc2 Qb6 18. Kh1 Ba6 19. Bg5 Bd3 20. Qd1 Nxe4 21. Bf4 Ng4 22. Bxe4 Bxe4+ 23. Ng2 c4 24. Qd4 Bxg2+ 25. Kxg2 Rxe2+ 0-1

[Event "28th Bosnjaci Open 2024"]
[Site "Bosnjaci"]
[Date "2024.01.04"]
[Round "2.1"]
[White "Troselj, Ivan"]
[Black "Saric, Ante"]
[Result "0-1"]
[ECO "B50"]
[WhiteElo "2067"]
[BlackElo "2508"]
[Annotator "TA"]
[PlyCount "98"]
[EventDate "2024.01.02"]
[EventType "swiss"]
[EventCountry "CRO"]
[SourceTitle "playchess.com"]
[Source "ChessBase"]
[SourceQuality "1"]
[TimeControl "5400+30"]

1. e4 c5 2. Nf3 d6 3. h3 Nf6 4. c3 g6 5. Bd3 Bg7 6. Bc2 e5 7. O-O {[%emt 0:00:19] The main line 7.0-0 scores better than 7.d4.} O-O 8. d3 {[%emt 0:00:26] B50: Sicilian: 2...d6, Miscellaneous.} Nc6 9. Bg5 d5 10. Nbd2 {[%emt 0:03:58][%cal Bb1d2,Bd2e4,Be4g3][%mdl 32] [#] The position is equal.} h6 $146 ({Predecessor:} 10... d4 11. cxd4 cxd4 12. Ba4 Qc7 13. Rc1 Bd7 14. a3 a6 15. Bh4 Nh5 16. Bg3 b5 {0-1 Zhorzholiani,M-Chalabashvili,T (2074) GEO-ch sf (Women) 2002 (6)}) 11. Bxf6 Bxf6 12. exd5 Qxd5 13. Ne4 (13. Re1 {simplifies} Bg7 14. Ba4 Qxd3 15. Bxc6 bxc6 16. Nxe5 Bxe5 17. Rxe5 Rd8 18. Re1) 13... Be7 (13... Bg7 $11 {should be considered.}) 14. Qd2 Kg7 15. Bb3 Qd8 16. Rad1 (16. Qe3 $11) 16... f5 $15 17. Ng3 Bf6 18. Rfe1 Qd6 19. h4 Bd7 (19... Be6 20. Bxe6 Qxe6 21. h5 $11) 20. h5 g5 21. Qc2 Ne7 $1 22. Qe2 Nc6 23. Bc2 (23. Qc2 $11) 23... g4 24. Nd2 {[%emt 0:02:55][%cal Od3d4] [#] d4! would be deadly.} Rae8 $1 25. d4 {[%emt 0:04:00] White is on the road to losing.} exd4 $19 ({But not} 25... cxd4 26. Bxf5 (26. Nxf5+ Bxf5 27. Bxf5 g3 $16) 26... Kh8 27. Nde4 $18 (27. Bxg4 Qe7 $16) (27. Qxg4 Rg8 $18)) 26. Qd3 Rxe1+ 27. Rxe1 Bh4 {[%emt 0:03:17] White must now prevent ...Ne5.} 28. Ndf1 $2 (28. Nc4 {was called for.} Qb8 29. a4) 28... Ne5 29. Qd1 d3 30. Bb1 $2 (30. Rxe5 {might work better.} Bxg3 31. Nxg3 Qxe5 32. Qxd3) 30... c4 {[%emt 0:00:40] Hoping for ...f4.} 31. b3 b5 {[%emt 0:00:14] ...f4 is the strong threat.} 32. a4 a6 33. Ba2 Bc6 34. axb5 axb5 {[%emt 0:00:05] Threatens to win with ...Bxg3.} 35. bxc4 bxc4 {[%emt 0:00:10] Strongly threatening ...Bxg3.} 36. Ne3 Bxg3 37. fxg3 {[%emt 0:00:03] [#]} Nf3+ $1 {[%emt 0:01:40][%mdl 576] Discovered Attack} 38. gxf3 Qxg3+ 39. Kf1 Bxf3 {[%emt 0:00:59] Black mates.} 40. Qb1 Qh3+ 41. Kf2 Qh2+ 42. Kf1 Be2+ 43. Rxe2 Qxe2+ 44. Kg1 Qxe3+ 45. Kh2 Qf4+ 46. Kg1 Qg3+ 47. Kf1 Rb8 48. Qc1 Qf3+ 49. Kg1 g3 {[%emt 0:00:21] Artfully played by Saric.   Weighted Error Value: White=0.80/Black=0.16 (very precise)} 0-1

[Event "28th Bosnjaci Open 2024"]
[Site "Bosnjaci"]
[Date "2024.01.04"]
[Round "2.2"]
[White "Zaja, Ivan"]
[Black "Sundac, Ivano"]
[Result "1-0"]
[ECO "D61"]
[WhiteElo "2419"]
[BlackElo "2070"]
[Annotator "RC"]
[PlyCount "95"]
[EventDate "2024.01.02"]
[EventType "swiss"]
[EventCountry "CRO"]
[SourceTitle "playchess.com"]
[Source "ChessBase"]
[SourceQuality "1"]
[TimeControl "5400+30"]

1. d4 d5 2. c4 e6 3. Nc3 Nf6 4. Nf3 Be7 5. Bg5 O-O 6. e3 c6 7. Qc2 Nbd7 8. Rd1 h6 9. Bh4 b6 10. cxd5 exd5 11. Bd3 Re8 12. O-O Bb7 13. Rfe1 Ne4 14. Bxe4 Bxh4 15. Bh7+ Kh8 16. Bf5 Nf8 17. Ne5 Kg8 18. e4 Bf6 19. exd5 Bxe5 20. dxe5 cxd5 21. Nb5 Re7 22. Nd6 Rc7 23. Nxb7 Rxb7 24. Qc6 Rc7 25. Qxd5 Qxd5 26. Rxd5 g6 27. Bd3 Ne6 28. g3 Rac8 29. Kg2 Rc5 30. Rd6 R8c6 31. Be4 Rxd6 32. exd6 Nf8 33. Bf3 Rc2 34. Re7 Rxb2 35. Bd5 Rd2 36. Bxf7+ Kh8 37. d7 Nxd7 38. Bxg6 Nf6 39. Bf5 Rd5 40. g4 h5 41. h3 Ra5 42. Rf7 Nd5 43. Be6 hxg4 44. hxg4 Nc3 45. f4 Nxa2 46. g5 Nc3 47. g6 Rh5 48. Rc7 1-0

[Event "28th Bosnjaci Open 2024"]
[Site "Bosnjaci"]
[Date "2024.01.04"]
[Round "2.3"]
[White "Zelenika, Zoran"]
[Black "Fercec, Nenad"]
[Result "0-1"]
[ECO "D02"]
[WhiteElo "2059"]
[BlackElo "2410"]
[Annotator "RC"]
[PlyCount "80"]
[EventDate "2024.01.02"]
[EventType "swiss"]
[EventCountry "CRO"]
[SourceTitle "playchess.com"]
[Source "ChessBase"]
[SourceQuality "1"]
[TimeControl "5400+30"]

1. Nf3 d5 2. g3 Nc6 3. d4 Bf5 4. Bg2 Nb4 5. Na3 Nf6 6. c3 Nc6 7. Ne5 e6 8. Qa4 Bxa3 9. Nxc6 Qd7 10. Qxa3 Qxc6 11. Bf4 Nh5 12. Qc5 Qxc5 13. dxc5 Nxf4 14. gxf4 a5 15. c4 c6 16. cxd5 cxd5 17. Rc1 Ke7 18. Kd2 Rhc8 19. Rc3 a4 20. Rhc1 Ra5 21. e3 Rb5 22. b3 axb3 23. Rxb3 Rxb3 24. axb3 Ra8 25. c6 Ra2+ 26. Ke1 bxc6 27. Rxc6 Rb2 28. Rc7+ Kf6 29. Rb7 Bc2 30. b4 Bd3 31. Bf3 Bc4 32. Bh5 g6 33. Bd1 h6 34. h4 h5 35. Ba4 Re2+ 36. Kd1 Rxf2 37. Be8 Kf5 38. Rxf7+ Ke4 39. Rf6 Kd3 40. Bxg6+ Kc3 0-1

[Event "28th Bosnjaci Open 2024"]
[Site "Bosnjaci"]
[Date "2024.01.04"]
[Round "2.4"]
[White "Kovacevic, Blazimir"]
[Black "Begic, Domagoj"]
[Result "1-0"]
[ECO "E12"]
[WhiteElo "2381"]
[BlackElo "2052"]
[Annotator "RC"]
[PlyCount "87"]
[EventDate "2024.01.02"]
[EventType "swiss"]
[EventCountry "CRO"]
[SourceTitle "playchess.com"]
[Source "ChessBase"]
[SourceQuality "1"]
[TimeControl "5400+30"]

1. d4 Nf6 2. Nf3 e6 3. c4 b6 4. Bf4 Bb7 5. e3 Bb4+ 6. Nfd2 O-O 7. a3 Be7 8. Nc3 d6 9. e4 e5 10. Be3 exd4 11. Bxd4 Nc6 12. Be3 Re8 13. Be2 Ne5 14. O-O c6 15. Nf3 Qc7 16. Qc2 Rad8 17. Rad1 Ng6 18. Nd4 h6 19. Nf5 Bf8 20. Bd4 Ne5 21. f4 Ned7 22. Bf3 g6 23. Ng3 Bg7 24. Kh1 a6 25. b4 c5 26. Nd5 Qb8 27. Nxf6+ Nxf6 28. bxc5 dxc5 29. Be5 Qc8 30. Qb2 Rxd1 31. Rxd1 Rxe5 32. fxe5 Ne8 33. Qxb6 Bc6 34. Qxc5 Bf8 35. Qa5 h5 36. Nf1 Nc7 37. Ne3 Ne6 38. Nd5 Kg7 39. g3 Ng5 40. Bg2 Qg4 41. Re1 h4 42. Nf6 Qc8 43. gxh4 Nh3 44. Rf1 1-0

[Event "28th Bosnjaci Open 2024"]
[Site "Bosnjaci"]
[Date "2024.01.04"]
[Round "2.5"]
[White "Konjevic, Nikola"]
[Black "Jocev, Milan"]
[Result "1/2-1/2"]
[ECO "C77"]
[WhiteElo "2035"]
[BlackElo "2376"]
[Annotator "RC"]
[PlyCount "75"]
[EventDate "2024.01.02"]
[EventType "swiss"]
[EventCountry "CRO"]
[SourceTitle "playchess.com"]
[Source "ChessBase"]
[SourceQuality "1"]
[TimeControl "5400+30"]

1. e4 e5 2. Nf3 Nc6 3. Bb5 a6 4. Ba4 Nf6 5. O-O Be7 6. d3 b5 7. Bb3 O-O 8. Nc3 d6 9. a3 Na5 10. Ba2 c5 11. b4 cxb4 12. axb4 Nc6 13. Nd5 Be6 14. c3 a5 15. Nxf6+ Bxf6 16. Bxe6 fxe6 17. bxa5 Rxa5 18. Bd2 Qa8 19. Rxa5 Qxa5 20. Qb3 Kf7 21. Rb1 Rb8 22. Ne1 Be7 23. Nc2 Ra8 24. g3 Qa2 25. Be3 d5 26. exd5 exd5 27. Bb6 Qxb3 28. Rxb3 Rb8 29. Be3 Ke6 30. f4 exf4 31. Bxf4 Bd6 32. Bxd6 Kxd6 33. Na3 b4 34. cxb4 Rxb4 35. Rxb4 Nxb4 36. d4 Ke6 37. Kf2 Kf5 38. Kf3 1/2-1/2

[Event "28th Bosnjaci Open 2024"]
[Site "Bosnjaci"]
[Date "2024.01.04"]
[Round "2.6"]
[White "Tomas, Ante"]
[Black "Culum, Sanjin"]
[Result "1/2-1/2"]
[ECO "B51"]
[WhiteElo "2014"]
[BlackElo "2349"]
[Annotator "RC"]
[PlyCount "152"]
[EventDate "2024.01.02"]
[EventType "swiss"]
[EventCountry "CRO"]
[SourceTitle "playchess.com"]
[Source "ChessBase"]
[SourceQuality "1"]
[TimeControl "5400+30"]

1. e4 c5 2. Nf3 d6 3. Bb5+ Nd7 4. d4 cxd4 5. Qxd4 a6 6. Bc4 Ngf6 7. O-O e6 8. a4 Be7 9. Bg5 O-O 10. Nc3 Qc7 11. a5 Ne5 12. Be2 Nc6 13. Qb6 Bd8 14. Rfd1 Qxb6 15. axb6 Bxb6 16. Rxd6 Bc7 17. Rd2 Rb8 18. Nd4 Nxd4 19. Rxd4 b5 20. Bf3 Be5 21. Rd3 Bb7 22. Be3 Rbc8 23. Bd4 Nd7 24. Rc1 Bf4 25. Be3 Bxe3 26. Rxe3 Ne5 27. Be2 Rfd8 28. f4 Nc4 29. Bxc4 Rxc4 30. Rd3 Rdc8 31. Rcd1 g6 32. Rd8+ Rxd8 33. Rxd8+ Kg7 34. Rd7 Bxe4 35. Nxe4 Rxe4 36. Rd6 Re2 37. c3 a5 38. Ra6 a4 39. c4 bxc4 40. Rxa4 Rc2 41. Rb4 Kf6 42. Rb5 h5 43. h4 Rd2 44. Kh2 Rd4 45. Kg3 Rd3+ 46. Kh2 Ke7 47. Rc5 Rd4 48. Rc7+ Kf6 49. Kg3 Rd3+ 50. Kh2 Rb3 51. Rxc4 Kf5 52. g3 Rxb2+ 53. Kh3 f6 54. Rc8 e5 55. fxe5 fxe5 56. Rf8+ Ke6 57. Re8+ Kf6 58. Rf8+ Ke7 59. Rg8 Kf7 60. Ra8 Rb6 61. Kg2 Ke6 62. Kf3 Rb3+ 63. Kf2 Kf5 64. Ra4 Rc3 65. Rb4 Rd3 66. Ra4 Rd4 67. Ra6 Rb4 68. Rc6 Ke4 69. Rxg6 Rb2+ 70. Kg1 Kf3 71. Rg5 e4 72. Rxh5 e3 73. Rf5+ Kxg3 74. Kf1 Kg4 75. Rf8 Kxh4 76. Re8 e2+ 1/2-1/2

[Event "28th Bosnjaci Open 2024"]
[Site "Bosnjaci"]
[Date "2024.01.04"]
[Round "2.7"]
[White "Muratovic, Efim"]
[Black "Sekelja, Marko"]
[Result "1-0"]
[ECO "A15"]
[WhiteElo "2345"]
[BlackElo "2036"]
[Annotator "RC"]
[PlyCount "127"]
[EventDate "2024.01.02"]
[EventType "swiss"]
[EventCountry "CRO"]
[SourceTitle "playchess.com"]
[Source "ChessBase"]
[SourceQuality "1"]
[TimeControl "5400+30"]

1. g3 Nf6 2. Bg2 g6 3. c4 c6 4. e4 e5 5. d4 exd4 6. Qxd4 d6 7. Nc3 Bg7 8. Bg5 O-O 9. Nge2 Be6 10. Qd3 Na6 11. Rd1 Qa5 12. Bxf6 Bxf6 13. O-O Rad8 14. b3 Nc5 15. Qe3 Bg7 16. Rd2 Qc7 17. h3 a5 18. Rfd1 Rfe8 19. f4 Bc8 20. Qf2 b6 21. Nd4 Ne6 22. Nxe6 fxe6 23. Na4 c5 24. Qf3 Bd4+ 25. Kh2 Bd7 26. Nc3 Bc6 27. Ne2 e5 28. Qg4 Qg7 29. Rf1 Rf8 30. Rd3 Bd7 31. Qh4 Qf6 32. Qxf6 Rxf6 33. g4 Bc6 34. f5 gxf5 35. exf5 Bxg2 36. Kxg2 d5 37. cxd5 e4 38. Rdd1 Rxd5 39. Rf4 Re5 40. Nxd4 cxd4 41. Rxd4 Rc6 42. Rfxe4 Rxe4 43. Rxe4 Rc2+ 44. Kg3 Rxa2 45. Re8+ Kf7 46. Rb8 Ra3 47. Rb7+ Kg8 48. Rxb6 a4 49. Kh4 Rxb3 50. Ra6 a3 51. Ra8+ Kg7 52. Ra7+ Kg8 53. g5 Rc3 54. Kg4 Rc4+ 55. Kh5 Rc5 56. f6 Rc3 57. h4 Rb3 58. Ra4 Rc3 59. Kh6 Rh3 60. h5 Kf7 61. Ra7+ Ke6 62. Rxh7 a2 63. Ra7 Rh2 64. Kg6 1-0

[Event "28th Bosnjaci Open 2024"]
[Site "Bosnjaci"]
[Date "2024.01.04"]
[Round "2.8"]
[White "Ivancic, Ivan"]
[Black "Plenkovic, Zdenko"]
[Result "0-1"]
[ECO "B01"]
[WhiteElo "2001"]
[BlackElo "2335"]
[Annotator "RC"]
[PlyCount "126"]
[EventDate "2024.01.02"]
[EventType "swiss"]
[EventCountry "CRO"]
[SourceTitle "playchess.com"]
[Source "ChessBase"]
[SourceQuality "1"]
[TimeControl "5400+30"]

1. e4 d5 2. exd5 Qxd5 3. Nc3 Qd8 4. d4 Nf6 5. Nf3 e6 6. Ne5 a6 7. g3 c5 8. dxc5 Qxd1+ 9. Nxd1 Bxc5 10. Be3 Nbd7 11. Nxd7 Nxd7 12. Bg2 Ra7 13. Bxc5 Nxc5 14. Nc3 b6 15. Ne4 Rc7 16. O-O-O Nxe4 17. Bxe4 Ke7 18. Rd2 Bd7 19. Rhd1 Rhc8 20. Kb1 Be8 21. c3 a5 22. Rd6 Rd7 23. Rxd7+ Bxd7 24. Kc2 g5 25. Re1 h6 26. b3 Rc5 27. c4 b5 28. Kc3 bxc4 29. bxc4 Bb5 30. Bd3 Bc6 31. Kd4 Kd6 32. Be4 Bxe4 33. Rxe4 Rf5 34. f4 gxf4 35. gxf4 Kc6 36. h3 Kd6 37. a4 Kc6 38. Kd3 Rh5 39. Re3 Rh4 40. Rf3 Kc5 41. Kc3 f6 42. Kd3 e5 43. fxe5 fxe5 44. Re3 Rd4+ 45. Ke2 e4 46. Rb3 Rxc4 47. Rb5+ Kd4 48. Rxa5 Rc2+ 49. Kd1 Ra2 50. Rh5 Kd3 51. Rd5+ Ke3 52. Rh5 Ra1+ 53. Kc2 Rxa4 54. Rxh6 Ke2 55. Rh8 e3 56. h4 Rc4+ 57. Kb1 Rf4 58. Kc2 Kf2 59. Re8 e2 60. Kd2 Rd4+ 61. Kc3 Rd1 62. Rf8+ Kg3 63. Rg8+ Kh3 0-1

[Event "28th Bosnjaci Open 2024"]
[Site "Bosnjaci"]
[Date "2024.01.04"]
[Round "2.9"]
[White "Biti, Ozren"]
[Black "Petricevic, Mateo"]
[Result "1/2-1/2"]
[ECO "C00"]
[WhiteElo "2308"]
[BlackElo "2019"]
[Annotator "RC"]
[PlyCount "64"]
[EventDate "2024.01.02"]
[EventType "swiss"]
[EventCountry "CRO"]
[SourceTitle "playchess.com"]
[Source "ChessBase"]
[SourceQuality "1"]
[TimeControl "5400+30"]

1. e4 e6 2. d3 d5 3. Qe2 Nf6 4. Nf3 Be7 5. g3 c5 6. Bg2 Nc6 7. O-O b5 8. e5 Nd7 9. h4 Bb7 10. Re1 Qb6 11. c3 a5 12. a4 Ba6 13. axb5 Qxb5 14. c4 dxc4 15. Na3 Qb6 16. Nxc4 Bxc4 17. dxc4 Rb8 18. Qe4 Nd4 19. Nxd4 cxd4 20. Qc6 Bc5 21. Bd2 Qxc6 22. Bxc6 Rxb2 23. Rxa5 Rxd2 24. Rxc5 Ke7 25. Bxd7 Kxd7 26. Ra1 Rc8 27. Ra7+ Kd8 28. Rxc8+ Kxc8 29. Rxf7 Rd1+ 30. Kg2 d3 31. Rf4 Kc7 32. Kf3 Kc6 1/2-1/2

[Event "28th Bosnjaci Open 2024"]
[Site "Bosnjaci"]
[Date "2024.01.04"]
[Round "2.10"]
[White "Drmic, Bozo"]
[Black "Hadzovic, Amir"]
[Result "0-1"]
[ECO "C22"]
[WhiteElo "2000"]
[BlackElo "2307"]
[Annotator "RC"]
[PlyCount "56"]
[EventDate "2024.01.02"]
[EventType "swiss"]
[EventCountry "CRO"]
[SourceTitle "playchess.com"]
[Source "ChessBase"]
[SourceQuality "1"]
[TimeControl "5400+30"]

1. e4 e5 2. d4 exd4 3. Qxd4 Nc6 4. Qd3 Nf6 5. Nc3 Bc5 6. Bf4 O-O 7. O-O-O Ng4 8. Nh3 d6 9. f3 Nge5 10. Bxe5 Nxe5 11. Qe2 Bxh3 12. gxh3 Qh4 13. Bg2 Ng6 14. Qe1 Qg5+ 15. Rd2 Be3 16. Nd5 Bxd2+ 17. Qxd2 Qxd2+ 18. Kxd2 c6 19. Ne3 Nf4 20. Bf1 Rad8 21. c4 d5 22. cxd5 cxd5 23. e5 Rfe8 24. Ng4 h5 25. Ke3 Ng6 26. f4 hxg4 27. hxg4 f6 28. Bd3 Nh4 0-1

[Event "28th Bosnjaci Open 2024"]
[Site "Bosnjaci"]
[Date "2024.01.04"]
[Round "2.11"]
[White "Sajin, Mirko"]
[Black "Zlatarevic, Ivan"]
[Result "1-0"]
[ECO "B23"]
[WhiteElo "2299"]
[BlackElo "2012"]
[Annotator "RC"]
[PlyCount "71"]
[EventDate "2024.01.02"]
[EventType "swiss"]
[EventCountry "CRO"]
[SourceTitle "playchess.com"]
[Source "ChessBase"]
[SourceQuality "1"]
[TimeControl "5400+30"]

1. e4 c5 2. Nc3 Nc6 3. f4 e6 4. Nf3 d5 5. Bb5 a6 6. Bxc6+ bxc6 7. d3 Nf6 8. e5 Nd7 9. O-O Be7 10. Na4 O-O 11. c4 Qc7 12. Qe2 Qa5 13. b3 Rb8 14. Qe1 Qc7 15. Ba3 Re8 16. Rc1 a5 17. Rc2 Ba6 18. Qf2 d4 19. Nd2 f6 20. exf6 Nxf6 21. Bxc5 Ng4 22. Qxd4 Rbd8 23. Qe4 Bxc5+ 24. Nxc5 Qa7 25. d4 Nf6 26. Qe3 Ng4 27. Qc3 e5 28. fxe5 Bc8 29. Nde4 a4 30. h3 axb3 31. axb3 Nh6 32. Nd6 Rf8 33. Rcf2 Qe7 34. Rxf8+ Rxf8 35. Rxf8+ Qxf8 36. Qf3 1-0

[Event "28th Bosnjaci Open 2024"]
[Site "Bosnjaci"]
[Date "2024.01.04"]
[Round "2.12"]
[White "Maravic, Ivan"]
[Black "Alimpic, Aleksa"]
[Result "0-1"]
[ECO "D27"]
[WhiteElo "1991"]
[BlackElo "2282"]
[Annotator "RC"]
[PlyCount "68"]
[EventDate "2024.01.02"]
[EventType "swiss"]
[EventCountry "CRO"]
[SourceTitle "playchess.com"]
[Source "ChessBase"]
[SourceQuality "1"]
[TimeControl "5400+30"]

1. d4 d5 2. c4 dxc4 3. Nf3 Nf6 4. e3 e6 5. Bxc4 c5 6. O-O a6 7. Bb3 b5 8. a4 Bb7 9. axb5 axb5 10. Rxa8 Bxa8 11. Qe2 c4 12. Bc2 Nbd7 13. b3 cxb3 14. Bxb3 Qb8 15. Bb2 Be7 16. Nbd2 O-O 17. Rc1 b4 18. Ne1 Bb7 19. Nd3 Rc8 20. Rxc8+ Qxc8 21. e4 Bf8 22. f3 Ba6 23. Qe3 Bb5 24. Kh1 Qa6 25. Nf4 Ne8 26. e5 Nc7 27. d5 Nxd5 28. Nxd5 exd5 29. Bxd5 Nc5 30. h3 Ne6 31. f4 Bc5 32. Qg3 Bd3 33. Be4 Bxe4 34. Nxe4 Qf1+ 0-1

[Event "28th Bosnjaci Open 2024"]
[Site "Bosnjaci"]
[Date "2024.01.04"]
[Round "2.13"]
[White "Zovko, Mario"]
[Black "Alfirevic, Duje"]
[Result "1-0"]
[ECO "D00"]
[WhiteElo "2268"]
[BlackElo "2000"]
[Annotator "RC"]
[PlyCount "85"]
[EventDate "2024.01.02"]
[EventType "swiss"]
[EventCountry "CRO"]
[SourceTitle "playchess.com"]
[Source "ChessBase"]
[SourceQuality "1"]
[TimeControl "5400+30"]

1. d4 Nf6 2. Nc3 d5 3. Bf4 c5 4. e4 Nxe4 5. Bb5+ Nc6 6. Nxe4 dxe4 7. Ne2 Bg4 8. Bxc6+ bxc6 9. dxc5 Qa5+ 10. c3 Qxc5 11. Qc2 Bxe2 12. Qxe2 g6 13. Qxe4 Bg7 14. O-O O-O 15. Rad1 Qb5 16. Bc1 Qb7 17. Rd3 Rad8 18. Rfd1 Qc7 19. g3 Rxd3 20. Qxd3 Be5 21. Qd7 Rc8 22. Bh6 Bd6 23. Qg4 Rb8 24. Qd4 Be5 25. Qd7 Qxd7 26. Rxd7 Bd6 27. Rxa7 Rxb2 28. Ra8+ Rb8 29. Rxb8+ Bxb8 30. a4 Bc7 31. Kf1 f6 32. Be3 Kf7 33. Ke2 Ke6 34. Kd3 Kd5 35. c4+ Kd6 36. Bd2 e5 37. f4 Kc5 38. fxe5 Bxe5 39. a5 Bb8 40. Be3+ Kb4 41. Bb6 h5 42. a6 h4 43. gxh4 1-0

[Event "28th Bosnjaci Open 2024"]
[Site "Bosnjaci"]
[Date "2024.01.04"]
[Round "2.14"]
[White "Grgantov, Marin"]
[Black "Cupic, Lovro"]
[Result "1/2-1/2"]
[ECO "C49"]
[WhiteElo "1973"]
[BlackElo "2265"]
[Annotator "RC"]
[PlyCount "77"]
[EventDate "2024.01.02"]
[EventType "swiss"]
[EventCountry "CRO"]
[SourceTitle "playchess.com"]
[Source "ChessBase"]
[SourceQuality "1"]
[TimeControl "5400+30"]

1. e4 e5 2. Nf3 Nc6 3. Nc3 Nf6 4. Bb5 Bb4 5. O-O O-O 6. d3 Bxc3 7. bxc3 d6 8. Bg5 Ne7 9. Nh4 Ng6 10. Nxg6 fxg6 11. Bc4+ Kh8 12. f4 h6 13. fxe5 hxg5 14. exf6 gxf6 15. Qd2 Kg7 16. Rae1 Qe7 17. d4 Bd7 18. Bd3 Be6 19. c4 c5 20. c3 Rac8 21. Rc1 Rc7 22. Rf2 Qd8 23. Qc2 Qc8 24. d5 Bf7 25. Rcf1 Be8 26. Qd1 Qd7 27. Qf3 Qe7 28. Qg3 Bd7 29. Bc2 Rcc8 30. h3 Rce8 31. Rb1 Bc8 32. Kh2 Qe5 33. Qxe5 Rxe5 34. g4 Kf7 35. Kg3 Ke7 36. Rbf1 Rf7 37. Bd3 Rf8 38. Bc2 Rf7 39. Bd3 1/2-1/2

[Event "28th Bosnjaci Open 2024"]
[Site "Bosnjaci"]
[Date "2024.01.04"]
[Round "2.15"]
[White "Pavic, Filip"]
[Black "Jovic, Stevan"]
[Result "1/2-1/2"]
[ECO "B12"]
[WhiteElo "2261"]
[BlackElo "1993"]
[Annotator "RC"]
[PlyCount "26"]
[EventDate "2024.01.02"]
[EventType "swiss"]
[EventCountry "CRO"]
[SourceTitle "playchess.com"]
[Source "ChessBase"]
[SourceQuality "1"]
[TimeControl "5400+30"]

1. e4 c6 2. d4 d5 3. e5 Bf5 4. h4 Qb6 5. h5 h6 6. Nc3 e6 7. Na4 Qa5+ 8. c3 Nd7 9. b4 Qc7 10. g4 Bh7 11. Be3 a5 12. b5 c5 13. Bd3 Bxd3 1/2-1/2

[Event "28th Bosnjaci Open 2024"]
[Site "Bosnjaci"]
[Date "2024.01.04"]
[Round "2.16"]
[White "Bobanac, Miro"]
[Black "Samblic, Silvano"]
[Result "1/2-1/2"]
[ECO "A06"]
[WhiteElo "2238"]
[BlackElo "1962"]
[Annotator "RC"]
[PlyCount "77"]
[EventDate "2024.01.02"]
[EventType "swiss"]
[EventCountry "CRO"]
[SourceTitle "playchess.com"]
[Source "ChessBase"]
[SourceQuality "1"]
[TimeControl "5400+30"]

1. Nf3 d5 2. b3 Nf6 3. Bb2 Nc6 4. e3 Bg4 5. h3 Bxf3 6. Qxf3 a6 7. a3 e5 8. d4 Bd6 9. c4 exd4 10. cxd5 Ne5 11. Qf5 g6 12. Qg5 Nxd5 13. Qxd8+ Rxd8 14. Bxd4 O-O 15. Nd2 Rfe8 16. Be2 Nc6 17. Bb2 Be5 18. Bxe5 Nxe5 19. Rc1 Nf4 20. Rc2 Nxg2+ 21. Kf1 Nh4 22. Ne4 Re7 23. Nc5 b6 24. Nxa6 c5 25. b4 cxb4 26. Nxb4 Red7 27. f4 Rd1+ 28. Bxd1 Rxd1+ 29. Kf2 Rxh1 30. fxe5 Rxh3 31. Rc8+ Kg7 32. Nd5 Rh2+ 33. Kg3 Rd2 34. e4 g5 35. Rc7 Kg6 36. Rc6+ Kg7 37. Rc7 Kg6 38. Rc6+ Kg7 39. Rc7 1/2-1/2

[Event "28th Bosnjaci Open 2024"]
[Site "Bosnjaci"]
[Date "2024.01.04"]
[Round "2.17"]
[White "Baturina, Marin"]
[Black "Rosic, Slavko S"]
[Result "1/2-1/2"]
[ECO "D37"]
[WhiteElo "1933"]
[BlackElo "2231"]
[Annotator "RC"]
[PlyCount "203"]
[EventDate "2024.01.02"]
[EventType "swiss"]
[EventCountry "CRO"]
[SourceTitle "playchess.com"]
[Source "ChessBase"]
[SourceQuality "1"]
[TimeControl "5400+30"]

1. d4 d5 2. c4 e6 3. Nc3 Nf6 4. Nf3 Be7 5. Bf4 O-O 6. e3 a6 7. Qc2 Nbd7 8. Rd1 c6 9. a3 Re8 10. h3 Nf8 11. Bd3 Bd6 12. Bxd6 Qxd6 13. Ne5 c5 14. O-O cxd4 15. exd4 dxc4 16. Nxc4 Qc7 17. Ne3 b5 18. Ne4 Qxc2 19. Nxf6+ gxf6 20. Bxc2 Bb7 21. d5 Bxd5 22. Nxd5 exd5 23. Bb3 Ra7 24. Bxd5 Re2 25. b4 Ng6 26. Rfe1 Rb2 27. Re8+ Kg7 28. Ra8 Rd7 29. Rxa6 Nf4 30. Bf3 Rxd1+ 31. Bxd1 Rb1 32. Rd6 Ra1 33. Kh2 Rxa3 34. Rb6 Rd3 35. Bf3 Rd4 36. Rxb5 Nd3 37. Rb7 Rxb4 38. Ra7 Ne5 39. Bd5 f5 40. Rb7 Rd4 41. Bf3 Nd3 42. Bh5 Ne5 43. Rb5 f6 44. Bf3 Kg6 45. Rb2 h5 46. Ra2 h4 47. Rb2 Kg5 48. Ba8 Rf4 49. Rd2 Ra4 50. Bb7 f4 51. Rc2 Rd4 52. Ra2 Rd1 53. Bf3 Rd4 54. Rb2 Rd3 55. Be4 Rd4 56. Bf3 Rd8 57. Be4 Nc4 58. Rb5+ Ne5 59. Rb2 Rd1 60. Bf3 Rf1 61. Be4 Re1 62. Bf3 Rc1 63. Rd2 Rc3 64. Ba8 Ra3 65. Bb7 f5 66. Rb2 Rd3 67. Rb5 Kf6 68. Rb6+ Ke7 69. Rh6 Rd2 70. f3 Nd3 71. Ba6 Ne1 72. Bf1 Nxf3+ 73. Kh1 Ne5 74. Rxh4 f3 75. Rf4 Ke6 76. gxf3 Ng6 77. Ra4 Ke5 78. h4 Nf4 79. Ra5+ Kd4 80. Rxf5 Ke3 81. Kg1 Kxf3 82. Ra5 Kg4 83. Ra3 Kxh4 84. Rf3 Kg4 85. Rf2 Rd1 86. Kh2 Rd6 87. Be2+ Kg5 88. Kg3 Rd4 89. Kf3 Ra4 90. Ke3 Ra3+ 91. Ke4 Ra4+ 92. Ke3 Kf5 93. Bd3+ Ke5 94. Rb2 Nd5+ 95. Kd2 Rh4 96. Rb8 Kd4 97. Ra8 Rh2+ 98. Be2 Nf4 99. Rd8+ Kc5 100. Rc8+ Kd6 101. Re8 Rxe2+ 102. Rxe2 1/2-1/2

[Event "28th Bosnjaci Open 2024"]
[Site "Bosnjaci"]
[Date "2024.01.04"]
[Round "2.18"]
[White "Milovic, Jovan"]
[Black "Dubrovic, Mihovil"]
[Result "1-0"]
[ECO "A45"]
[WhiteElo "2223"]
[BlackElo "1955"]
[Annotator "RC"]
[PlyCount "83"]
[EventDate "2024.01.02"]
[EventType "swiss"]
[EventCountry "CRO"]
[SourceTitle "playchess.com"]
[Source "ChessBase"]
[SourceQuality "1"]
[TimeControl "5400+30"]

1. d4 Nf6 2. Bg5 e6 3. e4 h6 4. Bxf6 Qxf6 5. e5 Qd8 6. Bd3 d6 7. Nf3 Nd7 8. Qe2 dxe5 9. dxe5 Nc5 10. O-O Nxd3 11. Rd1 Bc5 12. Rxd3 Qe7 13. Nc3 Bd7 14. Ne4 Bb6 15. a4 a5 16. Nfd2 Bc6 17. Nc4 Ba7 18. Qg4 Bxe4 19. Qxe4 Qc5 20. Qf4 O-O 21. Rg3 Kh8 22. c3 Rad8 23. Rf1 f5 24. Rg6 Qd5 25. h4 Rfe8 26. h5 Re7 27. Kh2 Qd3 28. Ne3 Qe2 29. Qf3 Qxf3 30. gxf3 Bxe3 31. fxe3 Rd2+ 32. Rg2 Red7 33. Rff2 Rd1 34. Rg6 Re1 35. Rxe6 Rxe3 36. Kg3 Re1 37. Re8+ Kh7 38. Kf4 Rh1 39. e6 Rd5 40. e7 g5+ 41. hxg6+ Kxg6 42. Rg8+ 1-0